 Dungeon Crawl Stone Soup version 0.14-a0-50-gc6ee670 (webtiles) character file.

438 4tharraofdagon the Sneak (level 5, -2/24 HPs)
             Began as a Spriggan Enchanter on Sept 29, 2013.
             Was a Believer of Zin.
             Killed from afar by an orc wizard (3 damage)
             ... with a magic dart
             ... on Level 6 of the Dungeon.
             The game lasted 00:06:46 (1103 turns).

4tharraofdagon the Sneak (Spriggan Enchanter)       Turns: 1103, Time: 00:06:47

HP  -2/24        AC  3     Str  5      XL: 5   Next: 78%
MP  23/24        EV 18     Int 17      God: Zin [**....]
Gold 200         SH  0     Dex 16      Spells:  3 memorised,  3 levels left

Res.Fire  : . . .   See Invis. : +   p - +3,+1 elf dagger (venom)
Res.Cold  : + . .   Warding    : .   v - +0 robe (curse)
Life Prot.: . . .   Conserve   : .   (shield restricted)
Res.Poison: .       Res.Corr.  : .   u - +0 cap
Res.Elec. : .       Clarity    : .   j - +0 cloak
Sust.Abil.: . .     Spirit.Shd : .   (gloves unavailable)
Res.Mut.  : .       Stasis     : .   (boots unavailable)
Res.Rott. : .       Flight     : .   (no amulet)
Saprovore : . . .                    x - ring of magical power
                                     g - ring of protection from cold

@: very quick, somewhat resistant to hostile enchantments, quite stealthy
A: unfitting armour, see invisible, herbivore 3, speed 3, slow metabolism 2
a: Recite, Vitalisation, Renounce Religion


You were on level 6 of the Dungeon.
You worshipped Zin.
Zin was pleased with you.
You were not hungry.

You visited 2 branches of the dungeon, and saw 7 of its levels.

You collected 202 gold pieces.
You donated 22 gold pieces.

Inventory:

Hand weapons
 a - a +1,+1 dagger
 p - a +3,+1 elven dagger of venom (weapon)
Missiles
 d - 11 darts (quivered)
 m - a throwing net
 y - 4 poisoned darts
Armour
 b - a +1 robe
 j - a +0 cloak (worn)
 u - a +0 cap (worn)
 v - a cursed +0 robe (worn)
Magical devices
 r - a wand of random effects (10)
Comestibles
 i - 11 grapes
 k - 2 bread rations
 t - a pear
Scrolls
 f - a scroll of fear {unknown}
 h - 3 scrolls of enchant weapon I
 l - a scroll of enchant armour {unknown}
 n - 2 scrolls of identify
 o - a scroll of curse armour {unknown}
 w - 3 scrolls of recharging {unknown}
 z - a scroll of teleportation {unknown}
Jewellery
 g - a ring of protection from cold (left hand)
 x - a ring of magical power (right hand)
Potions
 e - a potion of porridge
 q - a potion of curing
 s - 2 potions of restore abilities
Books
 c - a book of Maledictions

   Spells                             Type                      Level
   *Corona                            Hexes                        1
   Sure Blade                         Hexes/Charms                 2
   *Ensorcelled Hibernation           Hexes/Ice                    2
   *Confuse                           Hexes                        3
   Enslavement                        Hexes                        4
   Invisibility                       Hexes                        6


   Skills:
 * Level 3.7 Short Blades
 - Level 1.1 Throwing
 - Level 3.0 Dodging
 * Level 6.1 Stealth
 + Level 2.9 Spellcasting
 + Level 4.6 Hexes


You had 3 spell levels left.
You knew the following spells:

 Your Spells              Type           Power        Failure   Level  Hunger
a - Corona                Hex            ###....      2%          1    None
b - Ensorcelled Hibernat  Hex/Ice        ##....       12%         2    ##.....
c - Confuse               Hex            ###.....     10%         3    ###....


Dungeon Overview and Level Annotations

Branches:
Dungeon (6/27)             Temple (1/1) D:4
    Orc: D:6-11

Altars:
Cheibriados
Fedhas
Kikubaaqudgha
Makhleb
Nemelex Xobeh
Okawaru
Sif Muna
Trog
Vehumet
Xom
Yredelemnul
Zin

Annotations:
D:3 Grinder


Innate Abilities, Weirdness & Mutations

You are tiny and cannot use many weapons and most armour.
You have supernaturally acute eyesight.
You are a herbivore.
You cover ground extremely quickly.
You need consume almost no food.


Message History

An ogre zombie comes into view.
Found 16 gold pieces.
A worker ant and a centaur come into view.
Found 12 gold pieces.
The helpless hound fails to defend itself.
You impale the hound!!
You kill the hound!
Your Stealth skill increases to level 6!
Unknown command.
The centaur shouts!
The centaur wields a runed bow.
It bursts into flame!
The centaur shoots an arrow of flame.
The arrow of flame hits you!
You see here an arrow.
A giant gecko skeleton comes into view.
The centaur shoots an arrow of flame.
The arrow of flame hits you!
Ouch! That really hurt!
* * * LOW HITPOINT WARNING * * *
The orc wizard gestures at you while chanting.
The magic dart hits you!
You die...

### $### ... $z
.....#.....# #c .)#..
..#...# ###
#.###Z#.###.#...#
.....#.@...#.....#...#
.........(..........o###o
...................#.o.^
..##....%.o........o.###
# #.#####.#####....o...
#......o#####.#######
#..#####...o...#
#.#.....####..#
#.###.#.########..#


You could see a centaur, an orc wizard, an orc, an ogre zombie and a giant gecko
skeleton (wandering).

Vanquished Creatures
  An ogre (D:4)
  A hound (D:6)
  3 worker ants (D:4)
  2 adders (D:3)
  A worm (D:5)
  A giant gecko (D:1)
  An orc (D:5)
  5 bats
  2 hobgoblins (D:5)
  7 goblins
  4 kobolds
  2 rats
30 creatures vanquished.

Notes
Turn   | Place    | Note
--------------------------------------------------------------
     0 | D:1      | 4tharraofdagon, the Spriggan Enchanter, began the quest for the Orb.
     0 | D:1      | Reached XP level 1. HP: 9/9 MP: 4/4
    99 | D:1      | Paralysed by a potion of paralysis for 6 turns
   385 | D:2      | Reached XP level 2. HP: 11/13 MP: 4/6
   397 | D:2      | Learned a level 2 spell: Ensorcelled Hibernation
   556 | D:4      | Noticed an ogre
   568 | D:4      | Reached skill level 4 in Stealth
   568 | D:4      | Reached XP level 3. HP: 16/16 MP: 2/9
   585 | D:4      | Killed an ogre
   585 | D:4      | Reached skill level 5 in Stealth
   585 | D:4      | Reached XP level 4. HP: 21/21 MP: 1/12
   622 | D:4      | Found a staircase to the Ecumenical Temple.
   625 | D:4      | Reached XP level 5. HP: 24/24 MP: 6/15
   628 | Temple   | Entered the Ecumenical Temple
   658 | Temple   | Became a worshipper of Zin the Law-Giver
   658 | Temple   | Acquired Zin's first power
   690 | D:4      | Learned a level 3 spell: Confuse
   794 | D:4      | Acquired Zin's second power
   832 | D:3      | Noticed Grinder
   909 | D:5      | Entered Level 5 of the Dungeon
   943 | D:5      | Noticed an ogre
  1099 | D:6      | Noticed a centaur
  1100 | D:6      | Reached skill level 6 in Stealth
  1103 | D:6      | HP: 1/24 [centaur/arrow of flame (15)]
  1103 | D:6      | Killed from afar by an orc wizard

Action                   |  1- 3 |  4- 6 || total
-------------------------+-------+-------++-------
Melee: Dagger            |    35 |    20 ||    55
Throw: Dart              |     3 |       ||     3
 Cast: Corona            |     2 |       ||     2
       Ensorcelled Hiber |     4 |     8 ||    12
Evoke: Wand              |       |     1 ||     1
  Use: Potion            |     2 |     1 ||     3
       Scroll            |     1 |     1 ||     2
 Stab: Sleeping          |     4 |    10 ||    14
